 Dungeon Crawl Stone Soup version 0.31-a0-845-g9abc20d24f (webtiles) character file.

Game seed: 10436188301403436376

883 Ethylacetat the Changeling (level 8, -5/54 HPs)
             Began as an Octopode Shapeshifter on Oct 2, 2023.
             Slain by an orc wizard
             ... wielding a +2 dagger of distortion
              (6 damage)
             ... on level 5 of the Dungeon.
             The game lasted 00:05:27 (3728 turns).

Ethylacetat the Changeling (Octopode Shapeshifter)  Turns: 3728, Time: 00:05:28

Health: -5/54      AC:  1    Str: 13    XL:     8   Next: 5%
Magic:  8/8        EV: 14    Int: 12    God:
Gold:   221        SH:  0    Dex: 14    Spells: 7/7 levels left

rFire   . . .        k - +0 falchion
rCold   . . .        (no shield)
rNeg    . . .        (helmet currently unavailable)
rPois   .            (no amulet)
rElec   .            (no ring)
rCorr   .            (no ring)
SInv    .            (no ring)
Will    .....        (no ring)
Stlth   ++           (no ring)
HPRegen 0.29/turn    (no ring)
MPRegen 0.11/turn    (no ring)
                     (no ring)

%: no passive effects
@: beast-form, invisible
A: beast (slay +3), almost no armour, amphibious, 8 rings, camouflage 1,
gelatinous body 1, (nimble swimmer 1), tentacles
a: Begin Untransformation


You were on level 5 of the Dungeon.
You were a hulking beast.
You visited 1 branch of the dungeon, and saw 5 of its levels.

You collected 221 gold pieces.

Inventory:

Hand Weapons
 k - a +0 falchion (weapon)
Jewellery
 o - an amulet of regeneration
Talismans
 b - a beast talisman (active)
 c - a flux talisman
Wands
 l - a wand of flame (16)
 r - a wand of mindburst (7)
Scrolls
 a - 2 scrolls of teleportation {unknown}
 d - a scroll of summoning {unknown}
 e - a scroll of blinking {unknown}
 f - a scroll of noise {unknown}
 g - 8 scrolls of identify {unknown}
 h - a scroll of fog {unknown}
 i - a scroll of vulnerability {unknown}
 m - a scroll of immolation {unknown}
 v - a scroll of fear {unknown}
Potions
 s - a potion of haste {unknown}
 t - a potion of mutation {unknown}
 u - 3 potions of heal wounds {unknown}
 w - a potion of might {unknown}


   Skills:
 + Level 4.1 Fighting
 * Level 3.7 Long Blades
 + Level 4.5 Dodging
 - Level 3.1 Unarmed Combat
 + Level 5.5 Shapeshifting


You had 7 spell levels left.
You didn't know any spells.
Your spell library contained the following spells:

 Spells                   Type           Power      Damage    Failure   Level
 Cigotuvi's Dreadful Rot  Necr/Pois/Air  0%         N/A       45%         2
 Ignite Poison            Fire/Tmut/Pois 0%         N/A       69%         3
 Freezing Cloud           Conj/Ice/Air   0%         6-21      100%        5


Dungeon Overview and Level Annotations

Branches:
Dungeon (5/15)
 Temple: D:4-7

Altars:
Fedhas

Shops:
D:1 *[(*   D:3 :


Innate Abilities, Weirdness & Mutations

You are a hulking beast.
Your limbs bulge with bestial killing power. (Slay +3)
You cannot wear most types of armour.
You are amphibious.
You can wear up to eight rings at the same time.
Your skin changes colour to match your surroundings (Stealth+).
Your rubbery body absorbs attacks. (AC +1, EV +1)
((You are camouflaged when in or above water. (Stealth+)))
You have tentacles for arms and can constrict up to eight enemies at once.


Message History

You kill the orc!
The orc wizard hits you with a +0 dagger.
Things that are here:
a +0 falchion; a +0 ring mail; an orc corpse You closely miss the orc wizard.
You grab the orc wizard. You constrict the orc wizard.
The orc wizard hits you with a +0 dagger.
You slash the orc wizard!
The orc wizard is heavily wounded.
You constrict the orc wizard.
The orc wizard hits you with a +0 dagger.
The orc wizard mumbles some strange words.
The orc wizard flickers and vanishes!
Deactivating autopickup; reactivate with Ctrl-A.
You slash something!
Reactivating autopickup.
You feel a bit more experienced.
The orc wizard gestures wildly while chanting.
The orc wizard flickers and vanishes!
Deactivating autopickup; reactivate with Ctrl-A.
Something hits you. Space warps horribly around you!!
* * * LOW HITPOINT WARNING * * *
Things that are here:
a +0 dagger; a +0 robe; an orc corpse You completely miss something.
Your squeeze misses something. Something hits you.
* * * LOW HITPOINT WARNING * * *
Space warps around you.
* * * LOW HITPOINT WARNING * * *
Unknown command.
You hit something. Something hits you.
* * * LOW HITPOINT WARNING * * *
Space warps around you.
* * * LOW HITPOINT WARNING * * *
Unknown command.
It was a potion of invisibility.
You fade into invisibility!
Something completely misses you.
You hit something. Your squeeze misses something. Something hits you.
You die...

.#####.#####.†...#....)..#
## #.# #.....#.#####.#
####### ####.# # #....#
#.##.##.# # ## #.......# #
.. ####.#### ###
.#.##.######.# ..##
.....o{h)....# ...#
.#..#.######## ...##### #
........ <.># .# ...##.# #
......#.# .†##..#.#
........#


You could see an orc (unable to see you).

Vanquished Creatures
  Sigmund (D:2)
  2 phantoms (D:5)
  3 scorpions (D:5)
  A hound (D:5)
  4 iguanas
  A sleepcap (D:4)
  Natasha (thrice) (D:4)
  An orc wizard (D:5)
  Robin (D:3)
  4 gnolls
  2 adders (D:4)
  An ufetubus (D:4)
  2 worms
  4 dart slugs
  2 orcs
  7 ball pythons
  4 bats
  4 endoplasms
  2 giant cockroaches
  21 goblins
  4 hobgoblins
  A quokka (D:1)
  4 frilled lizards
  6 kobolds
  2 rats
87 creatures vanquished.

Notes
Turn   | Place    | Note
-------+----------+-------------------------------------------
     0 | D:1      | Ethylacetat the Octopode Shapeshifter began the quest for
                  | the Orb.
     0 | D:1      | Reached XP level 1. HP: 13/13 MP: 1/1
    29 | D:1      | Found a faded altar of an unknown god.
    47 | D:1      | Found Cuyrr's General Store.
    93 | D:1      | Reached XP level 2. HP: 10/18 MP: 2/2
   182 | D:1      | Found Ceatroijomm's Antique Armour Boutique.
   238 | D:1      | Found Zeawikk's Assorted Antiques.
   243 | D:1      | Reached XP level 3. HP: 17/23 MP: 3/3
   251 | D:1      | Found Ugaun's Antique Weapon Emporium.
   708 | D:2      | Noticed Sigmund
   719 | D:2      | Killed Sigmund
   720 | D:2      | Reached skill level 4 in Shapeshifting
   720 | D:2      | Reached XP level 4. HP: 10/30 MP: 4/4
   720 | D:2      | Reached XP level 5. HP: 11/35 MP: 5/5
   962 | D:2      | You fall into a shaft and drop 1 floor!
   962 | D:3      | Found Jisus's Book Boutique.
  1022 | D:3      | Noticed Robin
  1054 | D:3      | Killed Robin
  1055 | D:3      | Reached XP level 6. HP: 5/41 MP: 6/6
  1343 | D:3      | HP: 2/41 [gnoll/+0 whip (8)]
  1614 | D:3      | Found a blossoming altar of Fedhas.
  2278 | D:4      | Reached skill level 1 in Long Blades
  2399 | D:4      | Reached skill level 5 in Shapeshifting
  2725 | D:4      | Noticed Natasha
  2729 | D:4      | Killed Natasha
  2730 | D:4      | Reached XP level 7. HP: 46/46 MP: 7/7
  2832 | D:4      | Noticed Natasha
  2840 | D:4      | Killed Natasha
  3098 | D:4      | Noticed Natasha
  3106 | D:4      | Killed Natasha
  3135 | D:5      | Entered Level 5 of the Dungeon
  3584 | D:5      | Reached XP level 8. HP: 32/54 MP: 8/8
  3705 | D:5      | Identified the +2 dagger of the Protecting Gods {pain,
                  | Fragile Fly rPois Dex-3}
  3726 | D:5      | HP: 1/54 [something (4)]
  3728 | D:5      | Slain by an orc wizard

Illustrated notes

Levels and vault maps discovered:
D:1:      dreamdust_arrival_sigmund_warning, layout_rooms,
          ebering_ecumenical_altar_ruins, serial_shops, nicolae_square_shop,
          shop, shop, nicolae_shop_stone
D:2:      layout_loops_ring, basic_altar, minmay_misc_feat_ornament,
          nicolae_nh_oracle_at_delphi, uniq_sigmund
D:3:      layout_loops_ring, fedhas_altar_1, serial_shops, shop, uniq_robin
D:4:      layout_rooms, uniq_natasha
D:5:      layout_loops_cross, grunt_temple_overflow_cloverleaf

Skill      XL: |  1  2  3  4  5  6  7 |
---------------+----------------------+-----
Fighting       | 2 3 4 |  4.1
Dodging        | 3 4 |  4.5
Shapeshifting  | 4 5 |  5.5
Long Blades    | 1 3 |  3.7
Unarmed Combat | |  3.1

Action                     |  1- 3 |  4- 6 |  7- 9 || total
---------------------------+-------+-------+-------++-------
  Melee: Unarmed           |    49 |    54 |       ||   103
         Constrict         |    11 |    25 |     8 ||    44
         Tentacles         |     9 |    16 |     7 ||    32
         Punch             |     2 |     1 |     1 ||     4
         Falchion          |       |    40 |    68 ||   108
    Use: Potion            |     1 |       |     4 ||     5
   Stab: Sleeping          |     1 |     7 |     2 ||    10
 Armour: Skin              |    21 |    51 |    99 ||   171
  Dodge: Dodged            |    25 |    51 |    31 ||   107

Table legend: (Time is in decaauts)
 A = Elapsed time spent in this place.
 B = Non-inter-level travel time spent in this place.
 C = Inter-level travel time spent in this place.
 D = Time resting spent in this place.
 E = Time spent auto-exploring this place.
 F = Levels seen in this place.
 G = Mean time per level.
                   A        B        C        D        E       F      G
               +--------+--------+--------+--------+--------+-----+--------+
         Total |   3749 |   3506 |    243 |    131 |   2844 |   5 |  749.8 |
       Dungeon |   3749 |   3506 |    243 |    131 |   2844 |   5 |  749.8 |
               +--------+--------+--------+--------+--------+-----+--------+

Top non-repeatable levels by time:
     D:4: 1172 daAuts
     D:3: 1007 daAuts
     D:5: 610 daAuts
     D:1: 542 daAuts
     D:2: 417 daAuts
